 Dungeon Crawl Stone Soup version 0.28-a0-664-gc179e30c89 (webtiles) character file.

Game seed: 16814966626730899585

2352 ytrimaz the Fighter (level 9, 0/70 HPs)
             Began as an Octopode Fighter on Oct 16, 2021.
             Was a Follower of Ashenzari.
             Slain by Maggie (9 damage)
             ... on level 7 of the Dungeon.
             The game lasted 00:15:10 (8508 turns).

ytrimaz the Fighter (Octopode Fighter)              Turns: 8508, Time: 00:15:11

Health: 0/70       AC:  1    Str: 15    XL:     9   Next: 43%
Magic:  9/9        EV: 22    Int: 10    God:    Ashenzari [*.....]
Gold:   357        SH:  6    Dex: 15    Spells: 5/8 levels left

rFire   . . .      SeeInvis .   a - +1 rapier
rCold   . . .      Faith    .   b - +1 buckler
rNeg    . . .      Spirit   .   (helmet restricted)
rPois   .          Reflect  .   g - amulet of the Stellar Sage {Regen+, Cun, Alch} (curse)
rElec   .          Harm     .   e - ring "Celestial Seer" {EV+4, Cun, Melee} (curse)
rCorr   .          Rampage  .   (no ring)
Will    .....                   (no ring)
Stlth   +++.......              (no ring)
HPRegen 1.21/turn               (no ring)
MPRegen 0.11/turn               (no ring)
                                (no ring)
                                (no ring)

@: unable to read
A: almost no armour, amphibious, 8 rings, camouflage 1, gelatinous body 1,
(nimble swimmer 1), tentacles, inability to read while threatened
a: Renounce Religion, Shatter the Chains


You were on level 7 of the Dungeon.
You worshipped Ashenzari.
Ashenzari was aware of your devotion.
You visited 2 branches of the dungeon, and saw 8 of its levels.

You collected 357 gold pieces.

Inventory:

Hand Weapons
 a - a +1 rapier (weapon)
 n - a +2 dagger of speed
Armour
 b - a +1 buckler (worn)
Jewellery
 e - the cursed ring "Celestial Seer" (left tentacle) {EV+4, Cun, Melee}
   (You took it off a gnoll on level 5 of the Dungeon)

   [ring of evasion]

   EV:        It affects your evasion (+4).
   It has a curse which improves the following skills: Cunning: Dodging and
   Stealth.
   Melee Combat: Short Blades, Long Blades, Axes, Maces & Flails, Polearms,
   Staves and Unarmed Combat.
 g - the cursed amulet of the Stellar Sage (around mantle) {Regen+, Cun, Alch}
   (You found it on level 5 of the Dungeon)

   [amulet of regeneration]

   Regen:     It increases your rate of health regeneration.
   It has a curse which improves the following skills: Cunning: Dodging and
   Stealth.
   Alchemy:   Poison Magic and Transmutations.
Scrolls
 f - 2 scrolls of amnesia
 i - a scroll of fog
Potions
 d - a potion of brilliance


   Skills:
 + Level 10.0 Fighting
 + Level 2.2(3.0) Short Blades
 - Level 8.0(9.6) Dodging
 + Level 0.2(0.6) Stealth
 - Level 4.0 Shields


You had 5 spell levels left.
You knew the following spells:

 Your Spells              Type           Power      Damage    Failure   Level
a - Spider Form           Tmut/Pois      0%         N/A       73%         3

Your spell library contained the following spells:

 Spells                   Type           Power      Damage    Failure   Level
 Ensorcelled Hibernation  Hex/Ice        0%         N/A       50%         2
 Passwall                 Tmut/Erth      0%         N/A       50%         2
 Static Discharge         Conj/Air       0%         N/A       50%         2
 Swiftness                Air            0%         N/A       75%         3
 Tukima's Dance           Hex            0%         N/A       75%         3
 Dispel Undead            Necr           0%         3d6       98%         4
 Passage of Golubria      Tloc           N/A        N/A       98%         4
 Sticky Flame             Conj/Fire      0%         2d3       98%         4
 Summon Lightning Spire   Summ/Air       0%         N/A       98%         4
 Yara's Violent Unravell  Hex/Tmut       0%         3d3       100%        5
 Invisibility             Hex            0%         N/A       100%        6
 Storm Form               Tmut/Air       0%         N/A       100%        7
 Maxwell's Capacitive Co  Air            0%         ∞         100%        8


Dungeon Overview and Level Annotations

Branches:
Dungeon (7/15)             Temple (1/1) D:5

Altars:
Ashenzari
Elyvilon
Fedhas
Gozag
Kikubaaqudgha
Makhleb
Nemelex Xobeh
Okawaru
Sif Muna
Trog
Uskayaw
Vehumet
Wu Jian
Xom
Yredelemnul
Zin
The Shining One

Shops:
D:7 (:

Annotations:
D:7 Harold, Maggie


Innate Abilities, Weirdness & Mutations

You cannot wear most types of armour.
You are amphibious.
You can wear up to eight rings at the same time.
Your skin changes colour to match your surroundings (Stealth+).
Your rubbery body absorbs attacks. (AC +1, EV +1)
((You are camouflaged near water. (Stealth+)))
You have tentacles for arms and can constrict up to eight enemies at once.
You sometimes lose the ability to read scrolls when taking damage.


Message History

Maggie burns you!
Really quaff the potion of mutation?
Okay, then.
Okay, then.
Okay, then.
Okay, then.
Okay, then.
Okay, then.
Really quaff the potion of mutation?
You feel extremely strange.
You lose the ability to read scrolls when threatened.
You block the centaur's attack. x2; Maggie misses you.
The centaur completely misses you. The centaur closely misses you.
Unknown command.
You closely miss Maggie. You grab Maggie. You squeeze Maggie.
Maggie is lightly wounded.
You constrict Maggie, but do no damage. The centaur hits you.
You feel threatened and lose the ability to read scrolls!
The centaur kicks you. Maggie casts a spell at you.
The bolt of fire misses you. The centaur misses you.
The centaur completely misses you.
You hit Maggie but do no damage.
Maggie is lightly wounded.
You constrict Maggie. Maggie misses you. The centaur barely misses you.
The centaur closely misses you.
You hit Maggie. You squeeze Maggie, but do no damage.
Maggie is lightly wounded.
You constrict Maggie. The centaur hits you. You block the centaur's attack.
Maggie completely misses you.
The centaur hits you but does no damage.
The centaur misses you.
Unknown command.
You hit Maggie.
Maggie is moderately wounded.
You constrict Maggie.
Maggie hits you with a +1 broad axe of flaming!!
* * * LOW HITPOINT WARNING * * *
Maggie burns you!
You die...

#....#.#.#.#.#.#.#.#.#.#...#...
#.....................##.######
#.....#.#.#.#.#.#.#.#..........
#...)..............(......(.#.#
#......#.#.#.#.#.#.#..........#
#...................#..#.######
#.......#.#.#.#.#.#.##.#.######
#................!..........'..
########......@c............'..
#.......@............'..
#...................####
############........#
#.....>..# ##.......# #.......#


You could see Maggie and a centaur.

Vanquished Creatures
  A hornet (D:7)
  An ice beast (D:7)
  A sky beast (D:5)
  2 necrophages (D:6)
  An ogre (D:6)
  4 centaurs
  A bullfrog (D:7)
  A gnoll sergeant (D:5)
  3 scorpions
  2 water moccasin skeletons
  5 wights (D:6)
  3 centaur zombies
  A centaur skeleton (D:6)
  A gnoll shaman (D:5)
  A hound (D:6)
  2 orc priests (D:2)
  2 bullfrog skeletons
  Jessica (D:2)
  3 scorpion zombies
  An iguana (D:3)
  2 orc wizards
  A hound zombie (D:5)
  2 hound skeletons
  2 howler monkey zombies (D:6)
  10 adders
  7 gnolls
  3 white imps
  4 dart slugs
  15 orcs
  7 bats
  6 endoplasms
  3 giant cockroaches
  6 goblins
  9 hobgoblins
  4 kobolds
  A quokka (D:2)
  8 ball pythons
  A frilled lizard (D:2)
  A quokka zombie (D:3)
  3 rats
132 creatures vanquished.

Notes
Turn   | Place    | Note
-------+----------+-------------------------------------------
     0 | D:1      | ytrimaz the Octopode Fighter began the quest for the Orb.
     0 | D:1      | Reached XP level 1. HP: 16/16 MP: 1/1
    21 | D:1      | Reached XP level 2. HP: 5/21 MP: 2/2
   644 | D:1      | Found a faded altar of an unknown god.
   823 | D:1      | Reached XP level 3. HP: 19/26 MP: 3/3
  1611 | D:2      | Noticed Jessica
  1639 | D:2      | Reached XP level 4. HP: 18/31 MP: 4/4
  1797 | D:2      | Killed Jessica
  2057 | D:2      | Reached XP level 5. HP: 25/36 MP: 5/5
  2582 | D:2      | Reached skill level 5 in Dodging
  2693 | D:2      | HP: 1/36 [something (4)]
  2997 | D:2      | Found a glowing silver altar of Zin.
  3460 | D:3      | Reached XP level 6. HP: 42/42 MP: 6/6
  3560 | D:3      | Found a basalt altar of Yredelemnul.
  4457 | D:4      | Reached skill level 4 in Fighting
  4803 | D:4      | HP: 2/43 [something/puff of flame (10)]
  5159 | D:4      | Reached XP level 7. HP: 42/48 MP: 7/7
  5552 | D:5      | Entered Level 5 of the Dungeon
  6207 | D:5      | Found a staircase to the Ecumenical Temple.
  6228 | Temple   | Entered the Ecumenical Temple
  6278 | Temple   | Became a worshipper of Ashenzari the Shackled
  6339 | D:5      | Reached XP level 8. HP: 30/54 MP: 8/8
  6354 | D:4      | HP: 2/54 [gnoll (19)]
  6475 | D:4      | Reached skill level 5 in Fighting
  6987 | D:6      | Reached skill level 6 in Fighting
  7085 | D:6      | Reached skill level 7 in Fighting
  7235 | D:6      | Learned a level 3 spell: Spider Form
  7344 | D:6      | Reached skill level 8 in Fighting
  7468 | D:6      | Noticed a manticore
  7499 | D:6      | Reached XP level 9. HP: 67/67 MP: 9/9
  7683 | D:7      | Found Alarrac's Book Boutique.
  7706 | D:7      | Reached skill level 9 in Fighting
  7811 | D:7      | Noticed a hornet
  7842 | D:7      | Found Hingeul's Antique Weapon Boutique.
  7850 | D:7      | Killed a hornet
  7882 | D:7      | Noticed Maggie
  8454 | D:7      | Reached * piety under Ashenzari
  8474 | D:7      | Noticed Harold
  8493 | D:7      | Reached skill level 10 in Fighting
  8504 | D:7      | Gained mutation: You sometimes lose the ability to read
                  | scrolls when taking damage. [potion of mutation]
  8508 | D:7      | Slain by Maggie

Illustrated notes

Levels and vault maps discovered:
D:1:      tarquinn_simple_flora_water_f, layout_basic,
          ebering_ecumenical_altar_box, hangedman_decor_lopped,
          minmay_crystal_water
D:2:      layout_basic, basic_altar, uniq_jessica
D:3:      layout_basic, nicolae_yredelemnul_corpse_copse, minmay_unequal
D:4:      layout_gridville
D:5:      layout_rooms, minmay_temple_entry_glassed_door, minivault_19
D:6:      kb_forest_paths, layout_basic
D:7:      layout_basic, hex_large, minmay_shop_grid_forest,
          kennysheep_cross_bottleneck, nicolae_take_the_stairs, uniq_maggie,
          uniq_harold, uniq_pikel
Temple:   nicolae_temple_x_marks_the_god

Skill      XL: |  1  2  3  4  5  6  7  8  9 |
---------------+----------------------------+-----
Dodging        | 4 5 6 8 |  8.0
Shields        | 4 |  4.0
Fighting       | 4 8 10 | 10.0
Short Blades   | |  2.2
Stealth        | |  0.2

Action                   |  1- 3 |  4- 6 |  7- 9 || total
-------------------------+-------+-------+-------++-------
Melee: Rapier            |    61 |   140 |   241 ||   442
       Constrict         |    13 |    30 |    42 ||    85
       Tentacles         |     9 |    36 |    66 ||   111
Invok: Curse Item        |       |       |     2 ||     2
  Use: Potion            |       |     3 |     6 ||     9
       Scroll            |       |     6 |     7 ||    13
 Stab: Sleeping          |     3 |     8 |     5 ||    16
Armor: Skin              |     6 |    11 |    17 ||    34
Dodge: Dodged            |    29 |    63 |   207 ||   299
Block: Buckler           |    11 |    28 |    69 ||   108

Table legend: (Time is in decaauts)
 A = Elapsed time spent in this place.
 B = Non-inter-level travel time spent in this place.
 C = Inter-level travel time spent in this place.
 D = Time resting spent in this place.
 E = Time spent auto-exploring this place.
 F = Levels seen in this place.
 G = Mean time per level.
                   A        B        C        D        E       F      G
               +--------+--------+--------+--------+--------+-----+--------+
         Total |   8541 |   8269 |    272 |   2610 |   3881 |   8 | 1067.6 |
       Dungeon |   8466 |   8201 |    265 |   2610 |   3838 |   7 | 1209.4 |
        Temple |     74 |     67 |      7 |      0 |     43 |   1 |   74.0 |
               +--------+--------+--------+--------+--------+-----+--------+

Top non-repeatable levels by time:
     D:2: 1610 daAuts
     D:4: 1501 daAuts
     D:3: 1480 daAuts
     D:1: 1394 daAuts
     D:6: 1207 daAuts
     D:5: 882 daAuts
     D:7: 391 daAuts
  Temple: 74 daAuts
